 Dungeon Crawl Stone Soup version 0.19-a0-1007-g133f65f (webtiles) character file.

1558 Television the Conjurer (level 8, -1/49 HPs)
             Began as an Octopode Wizard on July 20, 2016.
             Was a Believer of Sif Muna.
             Slain by an ice beast (7 damage)
             ... on level 6 of the Dungeon.
             The game lasted 00:19:00 (7745 turns).

Television the Conjurer (Octopode Wizard)           Turns: 7745, Time: 00:19:00

Health: -1/49      AC:  2    Str:  7    XL:     8   Next: 89%
Magic:  14/18      EV: 12    Int: 22    God:    Sif Muna [**....]
Gold:   343        SH:  0    Dex: 13    Spells: 5 memorised, 7 levels left

rFire  . . .     SeeInvis .     t - +0 dagger (elec)
rCold  . . .     Gourm    .     (no shield)
rNeg   . . .     Faith    .     a - +0 hat
rPois  .         Spirit   .     (no amulet)
rElec  +         Dismiss  .     C - +3 ring of dexterity
rCorr  .         Reflect  .     (no ring)
SustAt .         Harm     .     (no ring)
MR     .....                    (no ring)
Stlth  +++.......               (no ring)
                                (no ring)
                                (no ring)
                                (no ring)

@: not resistant to hostile enchantments, fairly stealthy
A: almost no armour, amphibious, 8 rings, constrict 8, rugged brown scales 1,
camouflage 1, high mp 1, electricity resistance, gelatinous body 1
a: Divine Energy, Renounce Religion


You were on level 6 of the Dungeon.
You worshipped Sif Muna.
Sif Muna was pleased with you.
You were not hungry.

You visited 1 branch of the dungeon, and saw 6 of its levels.
You also visited: Sewer.

You collected 343 gold pieces.

Inventory:

Hand Weapons
 j - a +2 dagger of protection
 m - a +1 dagger of speed
 t - a +0 dagger of electrocution (weapon)
Missiles
 l - a throwing net (quivered)
Armour
 a - a +0 hat (worn)
Jewellery
 C - a +3 ring of dexterity (left tentacle)
Wands
 k - a wand of flame (48/48)
Scrolls
 r - 6 scrolls of teleportation
 u - a scroll of remove curse
 x - a scroll of enchant weapon {unknown}
 y - a scroll of identify
 z - 3 scrolls of blinking {unknown}
 B - 2 scrolls of fear
 F - a scroll of recharging
 G - a scroll of enchant armour {unknown}
Potions
 d - 2 potions of haste {unknown}
 e - a potion of ambrosia {unknown}
 g - 2 potions of cure mutation {unknown}
 i - 2 potions of might {unknown}
 n - 5 potions of flight
 o - a potion of cancellation
 p - a potion of brilliance
 s - a potion of lignification
 v - a potion of agility
 w - a potion of curing
 A - 3 potions of degeneration {unknown}
 D - 2 potions of invisibility {unknown}
Books
 b - a book of Minor Magic

   Spells                             Type                      Level
   a - Magic Dart                     Conjuration                  1
   b - Blink                          Translocation                2
   c - Call Imp                       Summoning                    2
   d - Repel Missiles                 Charms/Air                   2
   e - Slow                           Hexes                        2
   f - Conjure Flame                  Conjuration/Fire             3
   g - Mephitic Cloud                 Conjuration/Poison/Air       3
Comestibles
 c - 3 bread rations
 f - 4 beef jerkies
 h - 3 meat rations
 q - 5 fruits


   Skills:
 + Level 1.2 Fighting
 - Level 3.0 Short Blades
 + Level 2.3 Dodging
 + Level 3.3 Stealth
 + Level 5.7 Spellcasting
 * Level 7.7 Conjurations
 - Level 3.0 Charms
   Level 1.0 Summonings
 - Level 1.0 Translocations


You had 7 spell levels left.
You knew the following spells:

 Your Spells              Type           Power        Failure   Level  Hunger
a - Magic Dart            Conj           ####         1%          1    None
b - Blink                 Tloc           N/A          12%         2    None
c - Repel Missiles        Chrm/Air       ##....       10%         2    None
d - Conjure Flame         Conj/Fire      ###.....     8%          3    ##.....
e - Mephitic Cloud        Conj/Pois/Air  ###.....     12%         3    ##.....


Dungeon Overview and Level Annotations

Branches:
Dungeon (6/15)
 Temple: D:4-7

Altars:
Gozag
Nemelex Xobeh
Sif Muna
Uskayaw
Vehumet
Zin

Shops:
D:4 (


Innate Abilities, Weirdness & Mutations

You cannot wear most types of armour.
You are amphibious.
You can wear up to eight rings at the same time.
You can use your tentacles to constrict eight enemies at once.
Your skin changes colour to match your surroundings (Stealth+).
Your rubbery body absorbs attacks. (AC +1)
You are partially covered in rugged brown scales. (AC +1, +3% HP)
You have an increased reservoir of magic. (+10% MP)
You are resistant to electric shocks. (rElec)


Message History

Aim: an ice beast (moderately wounded)
The magic dart hits the ice beast.
The ice beast is heavily wounded.
The ice beast misses you.
You closely miss the ice beast.
You squeeze the ice beast, but do no damage.
The ice beast is heavily wounded.
You closely miss the ice beast.
The ice beast is heavily wounded.
The ice beast hits you but does no damage.
You barely miss the ice beast.
The ice beast is heavily wounded.
The ice beast hits you. The ice beast freezes you!
* * * LOW HITPOINT WARNING * * *
You feel better. The ice beast hits you. The ice beast freezes you!
* * * LOW HITPOINT WARNING * * *
You feel better. The ice beast hits you.
* * * LOW HITPOINT WARNING * * *
The ice beast freezes you!
You die...

###.....#..#
#.###.##.#.#
#.# #.##.#.#
#.# #.##.#.#
#.# #.##.#.#
#.# #.##.#.#
#.# #....#.#
#.########Y#
#........@.#
############


You could see an ice beast.

Vanquished Creatures
  Sigmund (D:4)
  The ghost of Waterpls the Ruffian, an amateur VSEn (D:3)
  Purgy (D:3)
  A phantom (D:5)
  A centaur (D:5)
  An ogre (D:5)
  2 howler monkeys (D:5)
  A crimson imp (D:5)
  6 hounds
  5 orc priests
  4 orc wizards
  2 iguanas
  4 worker ants
  9 adders
  A howler monkey skeleton (D:5)
  5 oozes
  4 worms (Sewer)
  3 giant geckos
  20 orcs
  15 bats
  6 giant cockroaches
  6 goblins
  6 hobgoblins
  15 jackals
  11 kobolds
  2 quokkas
  2 ball pythons
  7 giant newts
  4 rats
146 creatures vanquished.

Vanquished Creatures (others)
  4 toadstools (D:1)
4 creatures vanquished.

Grand Total: 150 creatures vanquished

Notes
Turn   | Place    | Note
-------+----------+-------------------------------------------
     0 | D:1      | Television the Octopode Wizard began the quest for the Orb.
     0 | D:1      | Reached XP level 1. HP: 11/11 MP: 4/4
   343 | D:1      | Reached XP level 2. HP: 14/17 MP: 6/6
   427 | D:1      | Learned a level 2 spell: Blink
   436 | D:1      | Learned a level 2 spell: Repel Missiles
   645 | D:1      | Reached skill level 2 in Conjurations
   922 | D:1      | Reached XP level 3. HP: 21/21 MP: 3/7
  1681 | D:3      | Noticed Waterpls's ghost (amateur VSEn)
  1705 | D:3      | Killed Waterpls's ghost
  1705 | D:3      | Reached skill level 3 in Conjurations
  1705 | D:3      | Reached XP level 4. HP: 24/27 MP: 0/10
  1705 | D:3      | Reached XP level 5. HP: 28/31 MP: 0/11
  1840 | D:3      | Found an opulent altar of Gozag.
  1878 | D:3      | Reached skill level 4 in Conjurations
  1973 | D:3      | Learned a level 3 spell: Conjure Flame
  1977 | D:3      | Learned a level 3 spell: Mephitic Cloud
  2311 | D:3      | Reached XP level 6. HP: 30/36 MP: 8/12
  2983 | D:3      | Noticed Purgy
  3011 | D:3      | Killed Purgy
  3011 | D:3      | Reached skill level 5 in Conjurations
  3251 | D:4      | Reached skill level 1 in Short Blades
  3258 | D:3      | Reached XP level 7. HP: 27/41 MP: 0/14
  3593 | D:4      | Found a deep blue altar of Sif Muna.
  3600 | D:4      | Became a worshipper of Sif Muna the Loreminder
  3605 | D:4      | Found Asecatin's Weapon Boutique.
  3608 | D:4      | Found a radiant altar of Vehumet.
  3612 | D:4      | Noticed Sigmund
  3653 | D:4      | Killed Sigmund
  3653 | D:4      | Reached skill level 6 in Conjurations
  4050 | D:4      | Found a glowing silver altar of Zin.
  4055 | D:4      | Reached skill level 5 in Spellcasting
  4126 | D:4      | Reached skill level 1 in Charms
  4934 | D:5      | Entered Level 5 of the Dungeon
  4943 | D:5      | Reached XP level 8. HP: 34/46 MP: 10/15
  4954 | D:5      | Reached * piety under Sif Muna
  4976 | D:5      | Gained mutation: You are partially covered in rugged brown scales. (AC +1, +3% HP) [potion of mutation]
  4976 | D:5      | Gained mutation: You have an increased reservoir of magic. (+10% MP) [potion of mutation]
  4976 | D:5      | Gained mutation: You are resistant to electric shocks. (rElec) [potion of mutation]
  5481 | D:5      | Found a glowing drain.
  5489 | Sewer    | Entered a sewer
  6025 | Sewer    | Reached skill level 7 in Conjurations
  7316 | D:6      | Found a sparkling altar of Nemelex Xobeh.
  7383 | D:6      | Reached ** piety under Sif Muna
  7459 | D:6      | Reached skill level 1 in Fighting
  7676 | D:6      | Found a hide-covered altar of Uskayaw.
  7745 | D:6      | Slain by an ice beast

Vault maps used:
D:1:      ldierk_water_garden
D:3:      grunt_gozag_breadcrumbs, uniq_purgy
D:4:      vehumet_altar_wand_db, zin_academy, nicolae_overflow_crystal_walls,
          serial_shops, shop, first_bread, nicolae_underground_beach,
          uniq_sigmund
D:5:      lightli_sewer_entry_pipes
D:6:      yredelemnul_altar_generic, nemelex_xobeh_ov_fountains_minmay,
          nicolae_overflow_hidden_temple, kennysheep_little_box
Sewer:    sewer_fruit_machine

Skill      XL: |  1  2  3  4  5  6  7  8 |
---------------+-------------------------+-----
Conjurations   | 2 3 4 5 6 7 |  7.7
Spellcasting   | 4 5 |  5.7
Short Blades   | 1 3 |  3.0
Charms         | 1 3 |  3.0
Stealth        | 3 |  3.3
Fighting       | 1 |  1.2
Dodging        | |  2.3
Summonings     | |  1.0
Translocations | |  1.0

Action                   |  1- 3 |  4- 6 |  7- 9 || total
-------------------------+-------+-------+-------++-------
Melee: Short sword       |    38 |    11 |       ||    49
       Unarmed           |     4 |       |       ||     4
       Constrict         |    13 |    12 |    25 ||    50
       Tentacles         |     7 |     7 |    13 ||    27
       Dagger            |       |    60 |   119 ||   179
Throw: Throwing net      |       |     1 |       ||     1
 Cast: Magic Dart        |    73 |    76 |   152 ||   301
       Repel Missiles    |     1 |       |       ||     1
       Mephitic Cloud    |       |     2 |     2 ||     4
  Use: Scroll            |       |     5 |     6 ||    11
       Potion            |       |       |     3 ||     3
 Stab: Sleeping          |     1 |     1 |    11 ||    13
       Confused          |       |     2 |       ||     2
  Eat: Chunk             |     2 |     5 |    13 ||    20
       Fruit             |       |       |     1 ||     1
Armor: Skin              |     3 |    15 |    27 ||    45
Dodge: Dodged            |    16 |    80 |    83 ||   179
       Deflected         |       |       |     1 ||     1
